AoeStats
← Goldenthums2

Baltic

510435641Analyzed
3v3 RM · 1d ago on Oct 1, 2026· 50m 32s· 6 players
Game mode
Random Map
Map size
Normal (6 player)
Population
200
Speed
Normal
Resources
Standard
Victory
Conquest
Starting age
Dark Age
Ending age
Imperial Age
RankedLock teamsTeams togetherTeam positionsShared explorationLock speedFull tech treeHidden civsTurbo modeCheats
Victory
Defeat
🇨🇦 Celts · Canada
679
+15
🇨🇦 Khmer · Canada
660
+16
🇨🇦 Mongols · Canada
640
+17
🇺🇸 Persians · United States
703
-19
🇨🇦 Teutons · Canada
663
-16
🇨🇱 Romans · Chile
593
-13
TrezÉtranj
6:08 Loom
11:06 Feudal Age
11:41 Horse Collar
11:51 Double-Bit Axe
14:33 Gold Mining
19:43 Castle Age
18:02 Scale Mail Armor
19:59 Forging
19:48 Stone Mining
21:00 Chain Mail Armor
21:52 Iron Casting
22:12 Caravan
23:04 Bow Saw
23:31 Heavy Plow
27:23 Town Watch
32:31 Imperial Age
32:22 Wheelbarrow
31:57 Scale Barding Armor
32:39 Fletching
33:37 Conscription
34:40 Town Patrol
34:56 Hand Cart
35:11 Ballistics
35:57 Double Crossbow
38:30 Chain Barding Armor
38:32 Elite Ballista Elephant
39:31 Murder Holes
42:07 Pikeman
42:52 Bodkin Arrow
43:58 Blast Furnace
43:35 Plate Barding Armor
44:04 Chemistry
43:16 Masonry
47:46 Onager
1138kPaa186C
0:44 Loom
14:29 Feudal Age
16:51 Wheelbarrow
16:00 Horse Collar
16:08 Double-Bit Axe
16:16 Gold Mining
16:17 Stone Mining
17:06 Man-at-Arms
23:20 Castle Age
22:16 Town Watch
24:41 Hand Cart
24:30 Heavy Plow
24:44 Bow Saw
25:14 Gold Shaft Mining
25:15 Stone Shaft Mining
24:48 Long Swordsman
24:53 Crossbowman
25:53 Forging
25:44 Scale Mail Armor
25:45 Padded Archer Armor
25:59 Pikeman
26:03 Elite Skirmisher
27:39 Town Patrol
28:32 Fletching
29:00 Leather Archer Armor
35:05 Imperial Age
36:09 Ballistics
36:44 Husbandry
36:05 Light Cavalry
37:30 Conscription
38:46 Cavalier
39:45 Halberdier
42:37 Chemistry
45:45 Iron Casting
45:27 Chain Mail Armor
45:31 Stronghold
46:19 Onager
47:38 Caravan
47:49 Guilds
Rhizobiaceae
0:41 Loom
12:08 Feudal Age
12:38 Double-Bit Axe
12:48 Town Watch
12:51 Horse Collar
14:21 Wheelbarrow
17:41 Fletching
18:09 Padded Archer Armor
18:28 Bloodlines
22:45 Castle Age
21:36 Scale Barding Armor
22:33 Forging
23:05 Light Cavalry
25:19 Heavy Plow
26:50 Husbandry
27:05 Bow Saw
29:46 Hand Cart
29:43 Town Patrol
30:41 Nomads
32:06 Bodkin Arrow
32:27 Leather Archer Armor
32:27 Gold Mining
33:30 Chain Barding Armor
33:46 Iron Casting
34:40 Gold Shaft Mining
33:55 Stone Mining
39:43 Imperial Age
38:48 Stone Shaft Mining
39:02 Fervor
39:02 Thumb Ring
39:35 Ballistics
39:13 Murder Holes
39:46 Caravan
39:54 Onager
40:43 Elite Mangudai
41:52 Conscription
42:49 Drill
44:55 Chemistry
46:44 Siege Engineers
48:31 Bracer
49:06 Parthian Tactics
RiskyEh
0:39 Loom
13:46 Feudal Age
18:38 Town Watch
24:10 Castle Age
22:49 Scale Mail Armor
23:18 Forging
25:11 Squires
24:57 Gambesons
24:58 Arson
27:14 Chain Mail Armor
27:35 Iron Casting
27:07 Pikeman
30:45 Wheelbarrow
34:12 Imperial Age
33:13 Ironclad
34:56 Hand Cart
35:54 Plate Mail Armor
36:25 Blast Furnace
36:30 Conscription
37:13 Elite Teutonic Knight
48:19 Halberdier
Goldenthums2
2:16 Loom
10:31 Feudal Age
23:05 Castle Age
21:55 Horse Collar
22:18 Double-Bit Axe
22:28 Arson
24:37 Bow Saw
24:23 Gambesons
24:38 Squires
25:57 Wheelbarrow
Ka-mi-ka-ze
10:36 Loom
12:53 Feudal Age
13:18 Loom
13:26 Loom
14:19 Wheelbarrow
14:54 Double-Bit Axe
15:48 Scale Mail Armor
16:25 Man-at-Arms
19:17 Forging
19:41 Horse Collar
24:39 Fishing Lines
27:12 Gold Mining
27:17 Stone Mining
31:06 Castle Age
32:06 Hand Cart
31:42 Town Watch
31:33 Long Swordsman
32:29 Squires
31:50 Pikeman
32:53 Chain Mail Armor
35:36 Gold Shaft Mining
35:35 Gillnets
39:07 Bow Saw
39:20 Ballistics
39:12 Masonry
38:58 Murder Holes
39:13 Fortified Wall
39:16 Clinker Construction
43:36 Imperial Age
45:06 Iron Casting
44:38 Husbandry
43:58 Cavalier
44:48 Bloodlines
44:47 Legionary
44:48 Halberdier
48:35 Blast Furnace
47:37 Padded Archer Armor
48:44 Ballistas
49:02 Comitatenses
48:47 Ballistas
49:04 Conscription
50:05 Caravan
Connection lost

Rejoining the realm…

Still unreachable

The connection could not be restored.

Session expired

The server has moved on; the page needs a fresh start.